 Dungeon Crawl Stone Soup version 0.28-a0-909-g796cbd3a86 (webtiles) character file.

Game seed: 8156841766918439893

19 horus123 the Grave Robber (level 2, 0/15 HPs)
             Began as a Deep Elf Necromancer on Nov 24, 2021.
             Slain by an adder (3 damage)
             ... on level 2 of the Dungeon.
             The game lasted 00:01:45 (1590 turns).

horus123 the Grave Robber (Deep Elf Necromancer)    Turns: 1590, Time: 00:01:46

Health: 0/15       AC:  2    Str:  5    XL:     2   Next: 55%
Magic:  9/9        EV: 12    Int: 19    God:
Gold:   66         SH:  0    Dex: 15    Spells: 7/9 levels left

rFire   . . .      SeeInvis .   b - +0 quarterstaff
rCold   . . .      Faith    .   (shield currently unavailable)
rNeg    . . .      Spirit   .   a - +0 robe
rPois   .          Reflect  .   (no helmet)
rElec   .          Harm     .   (no cloak)
rCorr   .          Rampage  .   (no gloves)
Will    .....                   (no boots)
Stlth   ++........              (no amulet)
HPRegen 0.05/turn               (no ring)
MPRegen 0.11/turn               (no ring)

@: lethally poisoned (0 -> -4)
A: no striking features
a: no special abilities


You were on level 2 of the Dungeon.
You visited 1 branch of the dungeon, and saw 2 of its levels.

You collected 66 gold pieces.

Inventory:

Hand Weapons
 b - a +0 quarterstaff (weapon)
Missiles
 e - 2 throwing nets
Armour
 a - a +0 robe (worn)
Scrolls
 c - a scroll of teleportation {unknown}
 d - a scroll of noise {unknown}
Potions
 f - a potion of brilliance {unknown}
 g - a potion of heal wounds {unknown}
 h - a potion of degeneration {unknown}


   Skills:
 - Level 2.4 Dodging
 - Level 2.4 Stealth
 - Level 4.0 Spellcasting
 + Level 5.1 Necromancy


You had 7 spell levels left.
You knew the following spells:

 Your Spells              Type           Power      Damage    Failure   Level
a - Pain                  Necr           92%        1d8       1%          1
b - Animate Skeleton      Necr           46%        N/A       1%          1

Your spell library contained the following spells:

 Spells                   Type           Power      Damage    Failure   Level
 Vampiric Draining        Necr           23%        2d7       4%          3
 Animate Dead             Necr           11%        N/A       16%         4
 Agony                    Necr           23%        N/A       41%         5


Dungeon Overview and Level Annotations

Branches:
Dungeon (2/15)

Altars:

Annotations:
D:2 Terence


Message History

The worm writhes in agony.
The worm writhes in agony!
The worm writhes in agony.
You kill the worm!
You can't see any susceptible monsters within range! (Use Z to cast anyway.)
Found a scale mail.
g - a sedimented ruby potion
h - an orange potion As you open the door, it creaks loudly!
There is an open door here.
An adder comes into view.
Found a scroll of identify.
Terence the Incautious comes into view.
He is wielding a +1 mace of protection and wearing a +3 scale mail of willpower.
Terence shouts!
The adder hisses angrily.
You hear a shout!
A goblin comes into view. It is wielding a +0 club.
Terence shouts, "ATTACK!!!"
Terence barely misses you.
Terence writhes in agony.
Terence closely misses you.
Terence resists with significant effort.
Terence hits you with a +1 mace of protection.
Terence resists with significant effort.
Terence closely misses you.
Terence resists with significant effort.
Terence says, "Did you write a will?
You should..."
Terence hits you with a +1 mace of protection.
You are too injured to fight recklessly!
Terence bares his teeth.
Terence looks scornfully at you. Terence says, "How do you enjoy it?"
Found a club.
The adder bites you. Terence barely misses you. The adder misses you.
The adder barely misses you. The adder bites you.
You are lethally poisoned!
The adder poisons you!
* * * LOW HITPOINT WARNING * * *
You feel sick.
* * * LOW HITPOINT WARNING * * *
You feel sick. The adder bites you.
You die...

#### #####.......# #.# ...
............# #.# ###
#####.).....# #.#
#####.### #.# #.g# #.#
#@.# #.# ############ #..#
#.# ...........######S.#
#.#
###.....†.......@..####.##
.........................+
###.................###.##
########...........##.#
#.........#.##.#
#[...........#.#
#............#.#
########.......# #.......#


You could see Terence, an adder and a goblin.

Vanquished Creatures
  2 worms (D:2)
  A dart slug (D:1)
  A goblin (D:1)
  3 hobgoblins (D:1)
  A quokka (D:1)
  A ball python (D:1)
  2 bats (D:1)
  A frilled lizard (D:1)
12 creatures vanquished.

Notes
Turn   | Place    | Note
-------+----------+-------------------------------------------
     0 | D:1      | horus123 the Deep Elf Necromancer began the quest for the
                  | Orb.
     0 | D:1      | Reached XP level 1. HP: 10/10 MP: 6/6
     2 | D:1      | Learned a level 1 spell: Animate Skeleton
   312 | D:1      | Reached XP level 2. HP: 12/15 MP: 6/9
   398 | D:1      | Found a faded altar of an unknown god.
  1252 | D:2      | Reached skill level 5 in Necromancy
  1549 | D:2      | Noticed Terence
  1590 | D:2      | Slain by an adder

Illustrated notes

Levels and vault maps discovered:
D:1:      minmay_arrival_cross, layout_basic,
          shapermc_ecumenical_altar_mp_urbaneastern
D:2:      layout_basic, uniq_terence

Skill      XL: |  1  2 |
---------------+-------+-----
Spellcasting   | 4 |  4.0
Necromancy     | 5 |  5.1
Dodging        | |  2.4
Stealth        | |  2.4

Action                   || total
-------------------------++-------
 Cast: Pain              ||    30
  Use: Scroll            ||     1
Dodge: Dodged            ||     8

Table legend: (Time is in decaauts)
 A = Elapsed time spent in this place.
 B = Non-inter-level travel time spent in this place.
 C = Inter-level travel time spent in this place.
 D = Time resting spent in this place.
 E = Time spent auto-exploring this place.
 F = Levels seen in this place.
 G = Mean time per level.
                   A        B        C        D        E       F      G
               +--------+--------+--------+--------+--------+-----+--------+
         Total |   1589 |   1529 |     60 |      0 |   1404 |   2 |  794.5 |
       Dungeon |   1589 |   1529 |     60 |      0 |   1404 |   2 |  794.5 |
               +--------+--------+--------+--------+--------+-----+--------+

Top non-repeatable levels by time:
     D:1: 1119 daAuts
     D:2: 469 daAuts
